 Dungeon Crawl Stone Soup version 0.17.0-23-g0de4337 (webtiles) character file.

138615 M4edhros the Unseen (level 16, -1/103 HPs)
             Began as an Octopode Artificer on Nov 13, 2015.
             Was a Believer of Fedhas.
             Killed by the air
             ... invoked by a titan
             ... created by the fury of Okawaru
              (29 damage)
             ... on level 2 of the Orcish Mines.
             The game lasted 02:55:41 (51459 turns).

M4edhros the Unseen (Octopode Artificer)           Turns: 51459, Time: 02:55:41

Health: -1/103     AC: 11    Str:  6    XL:     16   Next: 96%
Magic:  23/23      EV: 43    Int:  9    God:    Fedhas [**....]
Gold:   3450       SH: 26    Dex: 41    Spells: 0 memorised, 17 levels left

rFire  + + .     SeeInvis .     R - +0 demon trident (flame)
rCold  + . .     Clarity  .     C - +7 large shield {AC+3}
rNeg   . . .     SustAt   .     b - +2 hat {MR+}
rPois  +         Gourm    +     H - amulet of the gourmand
rElec  .         Spirit   .     r - +5 ring of protection
rCorr  .         Warding  .     w - +4 ring of dexterity
rMut   .         Stasis   .     B - ring of protection from fire
MR     ++...                    t - +6 ring of evasion
Stlth  +++++++++.               T - ring of protection from cold
                                N - +6 ring of intelligence
                                L - ring of Safih {rPois rF+ Dex+4}
                                W - +4 ring of evasion

@: very resistant to hostile enchantments, incredibly stealthy
A: almost no armour, amphibious, 8 rings, constrict 8, tentacle spike 1,
camouflage 1, poison resistance, weak 1, acidic bite, gelatinous body 2,
pseudopods 2
a: Evolution, Sunlight, Renounce Religion
}: 1/15 runes: slimy


You were on level 2 of the Orcish Mines.
You worshipped Fedhas.
Fedhas was pleased with you.
You were near starving.

You visited 5 branches of the dungeon, and saw 34 of its levels.
You also visited: Labyrinth, Bailey and Ice Cave.

You collected 4884 gold pieces.
You spent 1434 gold pieces at shops.

Inventory:

Hand Weapons
 n - a +0 blowgun
 K - a +2 antimagic trident
 R - a +0 demon trident of flaming (weapon)
 S - a +5 hunting sling
Missiles
 g - 530 stones (quivered)
 v - 125 arrows
 y - 156 sling bullets
 A - 104 poisoned needles
Armour
 b - a +2 hat of magic resistance (worn)
 C - a +7 large shield of protection (worn)
Rods
 p - a +6 rod of ignition (12/12)
   (You found it in a labyrinth)
 E - a +8 rod of ignition (13/13)
   (You found it in a labyrinth)
Jewellery
 r - a +5 ring of protection (left tentacle)
 s - an uncursed amulet of clarity
 t - a +6 ring of evasion (on tentacle)
 w - a +4 ring of dexterity (right tentacle)
 z - an uncursed amulet of warding
 B - a ring of protection from fire (on tentacle)
 F - an uncursed amulet of faith
 H - an amulet of the gourmand (around mantle)
 L - the ring of Safih (on tentacle) {rPois rF+ Dex+4}
   (You found it on level 6 of the Pits of Slime)

   [ring of poison resistance]

   It affects your dexterity (+4).
   It protects you from fire.
   It protects you from poison.
 N - a +6 ring of intelligence (on tentacle)
 P - an uncursed ring of see invisible
 T - a ring of protection from cold (on tentacle)
 U - an uncursed ring of protection from cold
 V - an uncursed ring of protection from fire
 W - a +4 ring of evasion (on tentacle)
 Y - an uncursed amulet of guardian spirit
Wands
 h - a wand of disintegration (1)
 i - a wand of draining (3)
 m - a wand of teleportation (4)
 X - a wand of cold (9)
Scrolls
 f - a scroll of magic mapping
 k - a scroll of holy word
 l - a scroll of teleportation
 o - 6 scrolls of fog
 D - 3 scrolls of immolation
 I - a scroll of brand weapon {unknown}
 J - a scroll of silence
Potions
 j - a potion of ambrosia
 M - 2 potions of lignification
Miscellaneous
 x - a phial of floods (inert)
Comestibles
 a - 4 beef jerkies
 e - 2 bread rations
 G - 23 fruits


   Skills:
 - Level 7.4 Fighting
   Level 3.4 Short Blades
 - Level 5.0(5.3) Polearms
   Level 2.3(4.0) Staves
 - Level 10.5 Slings
   Level 5.4 Crossbows
 - Level 15.0 Dodging
 + Level 17.0 Stealth
 + Level 14.4 Shields
 + Level 1.0 Spellcasting
 + Level 1.4 Invocations
 * Level 9.4 Evocations


You had 17 spell levels left.
You didn't know any spells.

Dungeon Overview and Level Annotations

Branches:
Dungeon (15/15)            Temple (1/1) D:4            Lair (8/8) D:10
 Shoals (0/4) Lair:4       Spider (0/4) Lair:3        Slime (6/6) Lair:6
    Orc (4/4) D:11            Elf (0/3) Orc:4        Vaults (0/5) D:13
 Depths (0/5) D:15

Altars:
Ashenzari
Cheibriados
Dithmenos
Elyvilon
Fedhas
Gozag
Kikubaaqudgha
Makhleb
Nemelex Xobeh
Okawaru
Qazlal
Ru
Sif Muna
Trog
Vehumet
Xom
Yredelemnul
Zin
The Shining One
Jiyva

Shops:
D:5 !   D:10 (   D:15 =}!(

Portals:
Trove: D:14 (give wand of hasting (8))

Annotations:
D:4 Rayvis's ghost, amateur MiFi
D:13 4 runed doors, exclusion: 4 doors
Lair:3 aimeelou's ghost, journeyman DDNe
Slime:6 Royal Jelly


Innate Abilities, Weirdness & Mutations

You cannot wear most types of armour.
You are amphibious.
You can wear up to eight rings at the same time.
You can use your tentacles to constrict eight enemies at once.
Your skin changes colour to match your surroundings (Stealth).
Your pliable body absorbs attacks (AC +1, EV +1).
One of your tentacles bears a spike.
Your system is resistant to poisons.
You are weak. (Str -2)
You have acidic saliva.
Armour fits poorly on your large pseudopods.


Message History

You bludgeon the titan, but do no damage.
The titan is lightly wounded.
You block the titan's attack.
You puncture the titan! You burn the titan.
You pierce the titan, but do no damage.
You bludgeon the titan.
You squeeze the titan, but do no damage.
The titan is moderately wounded.
The titan hits you!
You hit the titan. You burn the titan. You bite the titan.
The titan is splashed with acid.
You bludgeon the titan.
The titan is moderately wounded.
The titan waves its arms in wide circles.
The air twists around and strikes you!
* * * LOW HITPOINT WARNING * * *
You are too injured to fight recklessly!
You are too injured to fight recklessly!
The titan waves its arms in wide circles.
The air twists around and strikes you!
You die...
Fedhas appreciates your contribution to the ecosystem.

#.............####
...............#.###
...................#####
....................##.##
........................#
..........#...>...#.##.##
#.........#......#######
#......#........#..####
..<.............@...#.##
#........#.............#
#........#......C.....##
##...#..#.#.........###
#...................#
##.#......#.........#
###....C..........##
#...#..........###
##.###.........#


You could see a titan.

Vanquished Creatures
  A deep elf blademaster (Orc:1)
  2 deep elf master archers
  Gastronok (Lair:2)
  Donald (Orc:4)
  A frost giant (IceCv)
  Maud (Lair:5)
  A stone giant (Orc:1)
  4 vault guards (D:13)
  2 minotaurs
  12 hydras
  Harold (D:11)
  2 centaur warriors
  An ogre mage (D:15)
  A tengu warrior (Lair:2)
  20 death yaks
  An orc high priest (Orc:4)
  The ghost of timbw the Grappler, a journeyman VSFi of Okawaru (D:12)
  Nergalle (Lair:2)
  2 deep elf knights (Lair:2)
  A fire crab (Lair:7)
  A skeletal warrior (D:10)
  A deep elf conjurer (D:15)
  5 hill giants
  An orb spider (shapeshifter) (D:13)
  3 ugly things
  A cyclops (D:13)
  5 griffons
  2 manticores
  16 elephants
  5 orc sorcerers
  An ice statue (IceCv)
  8 black mambas
  A torpor snail (Lair:7)
  2 naga magi (D:15)
  15 komodo dragons
  A gargoyle (D:13)
  32 spiny frogs
  16 polar bears (IceCv)
  5 trolls
  A polar bear (shapeshifter) (D:10)
  A minotaur zombie (Lab)
  A fire drake (Lair:4)
  A queen bee (Lair:7)
  3 giant leeches (Lair:8)
  A trapdoor spider zombie (D:13)
  9 slime creatures
  41 blink frogs
  A two-headed ogre (D:15)
  A boulder beetle (Lair:4)
  4 shadows
  A vampire (D:13)
  2 wraiths
  Sigmund (D:3)
  2 water elementals
  A wyvern (Lair:8)
  A deep elf mage (D:13)
  5 basilisks
  10 hippogriffs
  A deep elf fighter (Lair:1)
  2 hungry ghosts
  81 yaks
  19 wolves (IceCv)
  6 vampire mosquitoes
  2 mottled dragons
  A warg (Orc:3)
  6 porcupines
  28 water moccasins
  2 black bears
  13 ice beasts
  27 orc warriors
  5 sky beasts
  A phantom (D:5)
  16 centaurs
  An eye of draining (Orc:4)
  5 big kobolds
  18 ogres
  19 crocodiles
  33 giant frogs
  3 gnoll sergeants (D:11)
  An earth elemental (Lab)
  A wyvern skeleton (D:9)
  10 scorpions
  31 killer bees
  13 wights
  6 electric eels
  3 giant frog zombies
  31 orc priests
  9 crimson imps
  3 centaur zombies
  18 jellies
  4 hounds
  Crazy Yiuf (D:3)
  6 centaur skeletons
  9 iguanas
  4 giant frog skeletons
  27 orc wizards
  10 hell rats
  7 worker ants
  22 sheep
  3 hound skeletons
  2 hound zombies
  5 gnolls
  2 worker ant zombies
  19 river rats
  4 shadow imps
  14 adders
  A giant eyeball (Orc:4)
  3 oozes
  A worm (D:2)
  An adder skeleton (D:9)
  2 adder zombies
  8 giant geckos
  173 orcs
  9 bats
  5 bat zombies (D:6)
  9 goblins
  11 hobgoblins
  11 jackals
  38 kobolds
  7 quokkas
  5 ball pythons
  6 giant cockroaches
  A giant cockroach zombie (D:5)
  2 giant newts
  7 rats
  2 butterflies (D:2)
  3 fungi
1124 creatures vanquished.

Vanquished Creatures (collateral kills)
  A wasp (D:9)
  A river rat (D:3)
  An adder (D:3)
  2 jackals (D:3)
5 creatures vanquished.

Vanquished Creatures (others)
  A hydra (Lair:7)
  A griffon (D:11)
  An elephant (Lair:3)
  10 slime creatures
  A wyvern (Lair:4)
  A basilisk (Lair:3)
  A water moccasin (Lair:5)
  4 orc warriors
  A necrophage (D:11)
  3 giant frogs
  A killer bee (D:9)
  47 jellies
  An orc priest (Orc:4)
  A hound (D:12)
  A worker ant (D:6)
  5 orc wizards
  2 adders
  7 orcs
  A hobgoblin (D:3)
  A jackal (D:3)
  A giant newt (D:3)
  A bush (Lair:8)
  A butterfly (Lair:6)
  45 fungi
  57 plants
  67 toadstools
263 creatures vanquished.

Grand Total: 1392 creatures vanquished

Notes
Turn   | Place    | Note
--------------------------------------------------------------
     0 | D:1      | M4edhros the Octopode Artificer began the quest for the Orb.
     0 | D:1      | Reached XP level 1. HP: 13/13 MP: 3/3
   310 | D:1      | Reached XP level 2. HP: 18/18 MP: 4/4
   503 | D:2      | Reached XP level 3. HP: 20/23 MP: 5/5
   939 | D:2      | Found a glowing golden altar of the Shining One.
   939 | D:2      | Found a deep blue altar of Sif Muna.
  1005 | D:2      | Found a shimmering altar of Xom.
  1020 | D:2      | Became a worshipper of Xom of Chaos
  1146 | D:3      | Reached skill level 4 in Stealth
  1168 | D:3      | XOM: silly message
  1184 | D:3      | Reached XP level 4. HP: 21/28 MP: 7/7
  1309 | D:3      | Noticed Sigmund
  1313 | D:3      | XOM: polymorph jackal -> river rat
  1344 | D:3      | Killed Sigmund
  1344 | D:3      | Reached skill level 6 in Stealth
  1344 | D:3      | Reached XP level 5. HP: 10/33 MP: 8/8
  1677 | D:1      | XOM: god gift: glowing arbalest {god gift}
  1735 | D:1      | XOM: medium Necr miscast
  1861 | D:1      | Reached XP level 6. HP: 23/38 MP: 9/9
  2117 | D:1      | Reached skill level 5 in Evocations
  2132 | D:1      | XOM: give mutations
  2132 | D:1      | Gained mutation: You are somewhat resistant to further mutation. [Xom's grace]
  2132 | D:1      | Gained mutation: You passively map a small area around you. [Xom's grace]
  2214 | D:1      | XOM: give mutations
  2214 | D:1      | Gained mutation: You are partially covered in iridescent scales (AC +4). [Xom's grace]
  2214 | D:1      | Gained mutation: Your muscles are strong. (Str +2) [Xom's grace]
  2214 | D:1      | Gained mutation: Your natural rate of healing is unusually fast. [Xom's grace]
  2214 | D:1      | Gained mutation: One of your tentacles bears a spike. [Xom's grace]
  2309 | D:2      | XOM: enchant monster (good)
  2414 | D:2      | XOM: colour smoke trail
  2442 | D:2      | Found a sacrificial altar of Ru.
  2445 | D:2      | Found a blossoming altar of Fedhas.
  2988 | D:3      | XOM: divination: detect creatures
  3010 | D:3      | XOM: colour smoke trail
  3037 | D:3      | Noticed Crazy Yiuf
  3148 | D:3      | Killed Crazy Yiuf
  3148 | D:3      | Reached skill level 7 in Stealth
  3316 | D:4      | Found a staircase to the Ecumenical Temple.
  3316 | D:4      | XOM: swap monsters
  3321 | D:4      | Reached skill level 1 in Crossbows
  3432 | D:4      | Noticed Rayvis's ghost (amateur MiFi)
  3436 | D:4      | XOM: enchant monster (good)
  3520 | D:4      | XOM: colour smoke trail
  3649 | Temple   | Entered the Ecumenical Temple
  3904 | D:5      | Entered Level 5 of the Dungeon
  4040 | D:5      | XOM: enchant monster (good)
  4061 | D:5      | XOM: 2-stop teleportation journey
  4165 | D:5      | Found Gyx Yss's Distillery.
  4175 | D:5      | Bought a potion of curing for 45 gold pieces
  4175 | D:5      | Bought a potion of heal wounds for 75 gold pieces
  4241 | D:5      | Reached XP level 7. HP: 41/43 MP: 10/10
  4333 | D:5      | Noticed a water moccasin
  4348 | D:5      | Killed a water moccasin
  4348 | D:5      | Reached skill level 8 in Stealth
  4732 | D:6      | XOM: noise
  4739 | D:6      | Reached XP level 8. HP: 39/48 MP: 12/12
  4739 | D:6      | XOM: noise
  4747 | D:6      | XOM: enchant monster (bad)
  4806 | D:6      | Reached skill level 9 in Stealth
  4862 | D:6      | Gained mutation: You are robust (+10% HP). [mutagenic meat]
  5047 | D:6      | Found a basalt altar of Yredelemnul.
  5238 | D:6      | Gained mutation: You can spit weak poison. [mutagenic meat]
  5277 | D:6      | Found an ancient bone altar of Kikubaaqudgha.
  5532 | D:7      | XOM: 4-stop teleportation journey
  5535 | D:7      | Reached skill level 5 in Dodging
  5542 | D:7      | Found an iron altar of Okawaru.
  5628 | D:7      | Fell from the grace of Xom
  5628 | D:7      | Became a worshipper of Warmaster Okawaru
  6190 | D:4      | Reached skill level 1 in Staves
  6193 | D:4      | Reached XP level 9. HP: 52/58 MP: 13/13
  6466 | D:7      | Reached skill level 1 in Slings
  6466 | D:7      | Reached skill level 10 in Stealth
  6539 | D:7      | Reached * piety under Okawaru
  6622 | D:7      | Reached skill level 5 in Crossbows
  6657 | D:7      | Found a white marble altar of Elyvilon.
  6695 | D:7      | Found a bloodstained altar of Trog.
  6835 | D:7      | XOM: mild Divn miscast
  7064 | D:7      | Reached skill level 1 in Shields
  7401 | D:8      | XOM: mild Summ miscast
  7412 | D:8      | Found a shattered altar of Ashenzari.
  7465 | D:8      | Reached ** piety under Okawaru
  7616 | D:8      | Found a radiant altar of Vehumet.
  7746 | D:8      | Found a sparkling altar of Nemelex Xobeh.
  7837 | D:8      | XOM: mild Fire miscast
  7922 | D:9      | Reached XP level 10. HP: 63/63 MP: 15/15
  8117 | D:9      | XOM: medium Conj miscast
  8190 | D:9      | XOM: noise
  8426 | D:9      | XOM: mild Necr miscast
  8689 | D:9      | XOM: noise
  8895 | D:10     | Entered Level 10 of the Dungeon
  8898 | D:10     | Reached *** piety under Okawaru
  8925 | D:10     | Found a staircase to the Lair.
  9077 | D:10     | Noticed a hill giant
  9112 | D:10     | Killed a hill giant
  9179 | D:10     | Noticed a salamander
  9186 | D:10     | Noticed an octopode
  9186 | D:10     | a salamander changed into an octopode
  9189 | D:10     | Noticed a skeletal warrior
  9213 | D:11     | Reached skill level 11 in Stealth
  9271 | D:11     | XOM: noise
  9284 | D:11     | Noticed a manticore
  9738 | D:11     | Noticed Harold
  9743 | D:11     | Reached **** piety under Okawaru
  9752 | D:11     | Killed Harold
 10319 | D:10     | XOM: noise
 10386 | D:10     | Found Lumisouf's Weapon Boutique.
 10707 | D:11     | Reached skill level 5 in Shields
 10707 | D:11     | Reached XP level 11. HP: 61/69 MP: 16/16
 10748 | D:11     | Noticed a giant orange brain
 10825 | D:11     | Noticed a swamp dragon
 10916 | D:11     | XOM: confusion
 10927 | D:11     | Noticed a death drake
 10927 | D:11     | a merfolk changed into a death drake
 11182 | D:10     | Reached skill level 1 in Polearms
 11325 | D:11     | Found a staircase to the Orcish Mines.
 11391 | D:11     | Reached ***** piety under Okawaru
 11613 | D:12     | Received a gift from Okawaru
 11650 | D:12     | Noticed a hill giant
 11697 | D:12     | XOM: mild Conj miscast
 11959 | D:12     | Reached skill level 5 in Slings
 11961 | D:12     | Reached skill level 12 in Stealth
 12265 | D:12     | Noticed timbw's ghost (journeyman VSFi)
 12340 | D:12     | Received a gift from Okawaru
 12398 | D:12     | Received a gift from Okawaru
 12519 | D:12     | Noticed a hill giant
 12704 | Lair:1   | Entered Level 1 of the Lair of Beasts
 12714 | Lair:1   | XOM: mild Hex miscast
 12867 | Lair:1   | XOM: medium Trmt miscast
 12980 | Lair:1   | Received a gift from Okawaru
 13084 | Lair:1   | Received a gift from Okawaru
 13208 | Lair:1   | XOM: torment (36/69 hp)
 13297 | Lair:1   | Reached XP level 12. HP: 51/74 MP: 17/17
 13952 | Lair:2   | Noticed Gastronok
 14171 | D:10     | XOM: give mutations
 14171 | D:10     | Gained mutation: Your body sometimes deteriorates upon taking damage. [Xom's mischief]
 14171 | D:10     | Gained mutation: Your body often deteriorates upon taking damage. [Xom's mischief]
 14171 | D:10     | Lost mutation: You can spit weak poison. [Xom's mischief]
 14171 | D:10     | Lost mutation: One of your tentacles bears a spike. [Xom's mischief]
 14280 | Lair:2   | XOM: blink monster(s)
 14361 | Lair:2   | Noticed Nergalle
 14530 | Lair:2   | Killed Gastronok
 14530 | Lair:2   | Reached skill level 10 in Dodging
 14787 | Lair:2   | Killed Nergalle
 15085 | Lair:2   | Gained mutation: Your flesh is cold resistant. [potion of mutation]
 15090 | Lair:2   | Lost mutation: You passively map a small area around you. [potion of cure mutation]
 15090 | Lair:2   | Lost mutation: Your body often deteriorates upon taking damage. [potion of cure mutation]
 15090 | Lair:2   | Lost mutation: Your body sometimes deteriorates upon taking damage. [potion of cure mutation]
 15090 | Lair:2   | Lost mutation: Your natural rate of healing is unusually fast. [potion of cure mutation]
 15090 | Lair:2   | Lost mutation: Your flesh is cold resistant. [potion of cure mutation]
 15091 | Lair:2   | Gained mutation: You are mostly covered in iridescent scales (AC +6). [potion of mutation]
 15228 | Lair:2   | Reached skill level 13 in Stealth
 15231 | Lair:2   | XOM: noise
 15269 | Lair:2   | XOM: give mutations
 15269 | Lair:2   | Gained mutation: You occasionally shout uncontrollably at your foes. [Xom's mischief]
 15269 | Lair:2   | Gained mutation: One of your tentacles bears a spike. [Xom's mischief]
 15269 | Lair:2   | Gained mutation: Your magical capacity is low (-10% MP). [Xom's mischief]
 15269 | Lair:2   | Lost mutation: Your muscles are strong. (Str +2) [Xom's mischief]
 15479 | Lair:2   | XOM: mild Air miscast
 15701 | Lair:3   | Noticed aimeelou's ghost (journeyman DDNe)
 15895 | Lair:3   | XOM: give mutations
 15895 | Lair:3   | Lost mutation: One of your tentacles bears a spike. [Xom's mischief]
 15895 | Lair:3   | Gained mutation: You are clumsy. (Dex -2) [Xom's mischief]
 16102 | Lair:3   | Found a hole to the Spider Nest.
 16111 | Lair:3   | XOM: medium Trmt miscast
 16131 | Lair:3   | Received a gift from Okawaru
 16270 | Lair:3   | Received a gift from Okawaru
 16608 | Lair:3   | Reached skill level 5 in Polearms
 16825 | Lair:4   | Reached XP level 13. HP: 79/79 MP: 16/16
 17072 | Lair:4   | Reached ****** piety under Okawaru
 17128 | Lair:4   | Found a staircase to the Shoals.
 17257 | Lair:4   | XOM: noise
 17375 | Lair:4   | XOM: torment (20/79 hp)
 17464 | Lair:4   | XOM: torment (21/79 hp)
 17938 | Lair:4   | Received a gift from Okawaru
 18056 | Lair:4   | XOM: noise
 18056 | Lair:4   | Was forgiven by Xom
 18071 | Lair:4   | Reached skill level 10 in Shields
 18157 | Lair:4   | Received a gift from Okawaru
 18784 | Lair:5   | Noticed Maud
 18819 | Lair:5   | Killed Maud
 18819 | Lair:5   | Received a gift from Okawaru
 19071 | Lair:5   | Reached skill level 14 in Stealth
 19237 | Lair:5   | Received a gift from Okawaru
 19518 | Lair:5   | Received a gift from Okawaru
 19592 | Lair:5   | Received a gift from Okawaru
 19944 | Lair:5   | Received a gift from Okawaru
 20408 | Lair:6   | Found a frozen archway.
 20479 | IceCv    | Entered an ice cave
 20557 | IceCv    | Received a gift from Okawaru
 20558 | IceCv    | Got a steaming buckler {god gift}
 20569 | IceCv    | Identified the +1 buckler "Boliem" {rPois rN+ Dex+2} (Okawaru gifted it to you in an ice cave)
 20649 | IceCv    | Reached XP level 14. HP: 66/89 MP: 17/17
 21716 | IceCv    | Noticed a frost giant
 21775 | IceCv    | Killed a frost giant
 22101 | IceCv    | Received a gift from Okawaru
 22590 | Lair:6   | Found a staircase to the Slime Pits.
 22590 | Lair:6   | Found a viscous altar of Jiyva.
 22784 | Lair:6   | Received a gift from Okawaru
 24653 | Orc:1    | Entered Level 1 of the Orcish Mines
 24724 | Orc:2    | Found a flagged portal.
 24766 | Bailey   | Entered a bailey
 25087 | Orc:4    | Entered Level 4 of the Orcish Mines
 25186 | Orc:4    | Found a labyrinth entrance.
 25194 | Orc:4    | Found a staircase to the Elven Halls.
 25196 | Lab      | Entered a labyrinth
 25525 | Lab      | Identified a +6 rod of ignition (12/12) (You found it in a labyrinth)
 25526 | Lab      | Identified a +8 rod of ignition (13/13) (You found it in a labyrinth)
 25621 | Lab      | Received a gift from Okawaru
 26445 | Lair:7   | Reached skill level 15 in Stealth
 26480 | Lair:7   | Reached skill level 5 in Fighting
 26681 | Lair:7   | Reached XP level 15. HP: 89/101 MP: 18/18
 26854 | Lair:7   | Received a gift from Okawaru
 27317 | Lair:8   | Entered Level 8 of the Lair of Beasts
 27502 | Lair:8   | Received a gift from Okawaru
 28547 | Lair:8   | Received a gift from Okawaru
 28618 | Lair:8   | Received a gift from Okawaru
 29484 | Lair:8   | Received a gift from Okawaru
 29545 | Lair:8   | Reached skill level 10 in Slings
 29577 | Lair:8   | Reached skill level 16 in Stealth
 29680 | Lair:8   | Reached XP level 16. HP: 106/111 MP: 19/19
 30283 | D:12     | Noticed a six-headed hydra
 30301 | D:12     | Killed a six-headed hydra
 30688 | D:12     | Killed a hill giant
 30924 | D:12     | Killed timbw's ghost
 30977 | D:12     | Killed a hill giant
 31106 | D:13     | Found a huge runed gate.
 31107 | D:13     | Found a huge runed gate.
 31107 | D:13     | Found a huge runed gate.
 31123 | D:13     | Found a huge runed gate.
 31150 | D:13     | Killed a manticore
 31150 | D:13     | Received a gift from Okawaru
 31227 | D:13     | Found a gate to the Vaults.
 31292 | D:13     | Received a gift from Okawaru
 32189 | D:14     | Gained mutation: One of your tentacles bears a spike. [potion of beneficial mutation]
 32464 | D:14     | Found a portal to a secret trove of treasure.
 32576 | D:15     | Entered Level 15 of the Dungeon
 32729 | D:15     | Received a gift from Okawaru
 32887 | D:15     | Reached skill level 15 in Dodging
 32905 | D:15     | Found Conur's Jewellery Shop.
 32908 | D:15     | Found Cumufai's Gadget Shoppe.
 32911 | D:15     | Bought a +4 ring of evasion for 504 gold pieces
 32982 | D:15     | Found Kyq Zeutt's Antique Weapon Shop.
 33014 | D:15     | Found Kostras's Distillery.
 33022 | D:15     | Bought a potion of heal wounds for 90 gold pieces
 33022 | D:15     | Bought a potion of heal wounds for 90 gold pieces
 33040 | D:15     | Found a sacrificial altar of Ru.
 33123 | D:15     | Found a staircase to the Depths.
 34029 | D:15     | Bought an uncursed amulet of warding for 210 gold pieces
 34029 | D:15     | Bought an uncursed amulet of guardian spirit for 420 gold pieces
 34245 | D:10     | Killed a skeletal warrior
 34428 | Lair:6   | Fell from the grace of Okawaru
 34428 | Lair:6   | Became a worshipper of Jiyva Jewezxut the Shapeless
 34534 | Lair:3   | Lost mutation: You are robust (+10% HP). [potion of cure mutation]
 34534 | Lair:3   | Lost mutation: One of your tentacles bears a spike. [potion of cure mutation]
 34534 | Lair:3   | Lost mutation: You are somewhat resistant to further mutation. [potion of cure mutation]
 34534 | Lair:3   | Lost mutation: You are clumsy. (Dex -2) [potion of cure mutation]
 34534 | Lair:3   | Lost mutation: Your magical capacity is low (-10% MP). [potion of cure mutation]
 34534 | Lair:3   | Lost mutation: You occasionally shout uncontrollably at your foes. [potion of cure mutation]
 34534 | Lair:3   | Lost mutation: You are mostly covered in iridescent scales (AC +6). [potion of cure mutation]
 34625 | Lair:3   | Reached * piety under Jiyva
 35260 | Lair:8   | Reached ** piety under Jiyva
 35353 | Lair:8   | Reached *** piety under Jiyva
 35361 | Lair:8   | Gained mutation: Scrolls take you a little longer to read. [Jiyva's grace]
 35558 | Lair:7   | Noticed a deep elf blademaster
 35558 | Lair:7   | Noticed a deep elf master archer
 35564 | Lair:6   | Killed a deep elf master archer
 35610 | Lair:6   | Reached **** piety under Jiyva
 35610 | Lair:6   | Gained mutation: You are agile. (Dex +2) [Jiyva's grace]
 36422 | Slime:1  | Entered Level 1 of the Pits of Slime
 36954 | Lair:5   | Gained mutation: You are weak. (Str -2) [Jiyva's grace]
 37340 | Lair:4   | Gained mutation: Your body sometimes deteriorates upon taking damage. [Jiyva's grace]
 37654 | Lair:4   | Reached ***** piety under Jiyva
 37673 | Lair:4   | Lost mutation: Your body sometimes deteriorates upon taking damage. [Jiyva's power]
 38142 | Lair:2   | Lost mutation: You are agile. (Dex +2) [Jiyva's grace]
 40055 | D:3      | Gained mutation: You are partially covered in rugged brown scales (AC +1, +3% HP). [Jiyva's grace]
 40317 | D:3      | Lost mutation: Scrolls take you a little longer to read. [Jiyva's grace]
 40317 | D:3      | Gained mutation: You have supernaturally acute eyesight. [Jiyva's grace]
 41813 | D:6      | Gained mutation: Armour fits poorly on your pseudopods. [Jiyva's grace]
 41928 | D:6      | Reached ****** piety under Jiyva
 42245 | Orc:4    | Lost mutation: You have supernaturally acute eyesight. [Jiyva's grace]
 42435 | D:7      | Lost mutation: You are weak. (Str -2) [Jiyva's grace]
 42953 | D:8      | Gained mutation: Your pliable body absorbs attacks (AC +1, EV +1). [Jiyva's grace]
 44261 | D:10     | Gained mutation: Your system is resistant to poisons. [Jiyva's grace]
 44574 | D:11     | Gained mutation: Your magical capacity is low (-10% MP). [mutagenic meat]
 44575 | D:11     | Gained mutation: Potions and wands are less effective at restoring your health. [mutagenic meat]
 44576 | D:11     | Gained mutation: One of your tentacles bears a spike. [mutagenic meat]
 44579 | D:11     | Lost mutation: Your magical capacity is low (-10% MP). [Jiyva's power]
 44601 | D:11     | Lost mutation: Potions and wands are less effective at restoring your health. [Jiyva's power]
 44651 | D:11     | Gained mutation: You are weak. (Str -2) [Jiyva's grace]
 44669 | D:11     | Gained mutation: You are resistant to electric shocks. [Jiyva's grace]
 44906 | D:11     | Gained mutation: Armour fits poorly on your large pseudopods. [Jiyva's grace]
 45391 | D:12     | Lost mutation: You are partially covered in iridescent scales (AC +4). [Jiyva's grace]
 46068 | D:13     | Gained mutation: Your flesh is cold resistant. [Jiyva's grace]
 46255 | D:13     | Gained mutation: Your gelatinous body deflects attacks (AC +2, EV +2). [Jiyva's grace]
 47021 | Lair:5   | Lost mutation: You are weak. (Str -2) [Jiyva's power]
 47130 | Slime:2  | Noticed an acid blob
 47131 | Slime:2  | Noticed an acid blob
 47148 | Slime:3  | Noticed an acid blob
 47150 | Slime:4  | Noticed an acid blob
 47164 | Slime:6  | Entered Level 6 of the Pits of Slime
 47164 | Slime:6  | Noticed an acid blob
 47171 | Slime:6  | Noticed an acid blob
 47175 | Slime:6  | Noticed an acid blob
 47176 | Slime:6  | Gained mutation: You have acidic saliva. [Jiyva's grace]
 47177 | Slime:6  | Found a viscous altar of Jiyva.
 47177 | Slime:6  | Noticed an acid blob
 47179 | Slime:6  | Noticed the royal jelly
 47180 | Slime:6  | Noticed an acid blob
 47180 | Slime:6  | Noticed an acid blob
 47182 | Slime:6  | Noticed an acid blob
 47191 | Slime:6  | Lost mutation: You are partially covered in rugged brown scales (AC +1, +3% HP). [Jiyva's grace]
 47210 | Slime:6  | Gained mutation: Your body sometimes deteriorates upon taking damage. [Jiyva's grace]
 47220 | Slime:6  | Got a flickering pewter ring
 47222 | Slime:6  | Identified the ring of Safih {rPois rF+ Dex+4} (You found it on level 6 of the Pits of Slime)
 47224 | Slime:6  | Got a slimy rune of Zot
 47224 | Slime:6  | Lost mutation: Your flesh is cold resistant. [Jiyva's grace]
 47227 | Slime:6  | Noticed an acid blob
 47233 | Slime:6  | Lost mutation: You are resistant to electric shocks. [Jiyva's grace]
 47277 | Slime:6  | Identified the Compendium of Black Magic
 47648 | Lair:4   | Lost mutation: Your body sometimes deteriorates upon taking damage. [Jiyva's power]
 47995 | D:2      | Fell from the grace of Jiyva
 47995 | D:2      | Became a worshipper of Xom of Bloodstained Whimsey
 48191 | D:2      | Fell from the grace of Xom
 48191 | D:2      | Became a worshipper of Fedhas Madash
 48820 | Orc:2    | You fall through a shaft for 2 floors!
 48885 | Orc:4    | Reached * piety under Fedhas
 49444 | Orc:2    | Found a bloodstained altar of Trog.
 49726 | Orc:4    | Reached ** piety under Fedhas
 49840 | Orc:4    | Noticed Donald
 49871 | Orc:4    | Noticed an orc warlord
 49880 | Orc:4    | Reached skill level 1 in Invocations
 49881 | Orc:4    | Killed Donald
 49881 | Orc:4    | Reached skill level 1 in Spellcasting
 49883 | Orc:4    | Noticed a deep elf master archer
 49893 | Orc:4    | HP: 7/154 [frost giant/bolt of cold[the fury of Okawaru] (22)]
 49898 | Orc:4    | Gained mutation: You are weak. (Str -2) [a neqoxec]
 49899 | Orc:4    | Lost mutation: Your gelatinous body deflects attacks (AC +2, EV +2). [a neqoxec]
 50014 | Orc:4    | XOM: medium Ice miscast
 50095 | Orc:4    | Noticed a titan
 50169 | Orc:3    | Noticed a deep elf blademaster
 50169 | Orc:3    | Noticed a titan
 50685 | Orc:3    | XOM: mild Trmt miscast
 50845 | Orc:4    | Killed a deep elf master archer
 50857 | Orc:4    | Reached skill level 17 in Stealth
 51089 | Orc:1    | Killed a deep elf blademaster
 51459 | Orc:2    | Killed from afar by a titan

Action                   |  1- 3 |  4- 6 |  7- 9 | 10-12 | 13-15 | 16-18 || total
-------------------------+-------+-------+-------+-------+-------+-------++-------
Melee: Short sword       |     7 |       |       |       |       |       ||     7
       Dagger            |    52 |    36 |    46 |   188 |       |       ||   322
       Arbalest          |       |    94 |       |       |       |       ||    94
       Quarterstaff      |       |    11 |   195 |     8 |       |       ||   214
       Trident           |       |       |       |   404 |  1018 |       ||  1422
       Rapier            |       |       |       |       |   300 |       ||   300
       Demon trident     |       |       |       |       |   837 |  1028 ||  1865
       Rod               |       |       |       |       |     2 |       ||     2
 Fire: Arbalest          |       |       |     2 |    44 |       |       ||    46
       Hunting sling     |       |       |     3 |   547 |   281 |       ||   831
       Blowgun           |       |       |       |    41 |    86 |       ||   127
Throw: Stone             |       |   148 |       |       |       |       ||   148
Invok: Cure Bad Mutation |       |       |       |       |       |     9 ||     9
       Request Jelly     |       |       |       |       |       |     5 ||     5
       Jelly Paralyse    |       |       |       |       |       |     3 ||     3
Evoke: Wand              |     2 |    22 |     2 |    40 |    30 |     5 ||   101
       Rod               |       |       |       |       |    39 |    15 ||    54
       Phial of floods   |       |       |       |       |       |     1 ||     1
  Use: Potion            |       |     1 |     1 |    19 |     9 |    12 ||    42
       Scroll            |       |     8 |     5 |    20 |    11 |    13 ||    57
 Stab: Sleeping          |    10 |     6 |    23 |    24 |    25 |    29 ||   117
       Distracted        |       |     1 |     3 |     6 |    15 |    21 ||    46
       Paralysed         |       |       |     4 |       |       |       ||     4
       Confused          |       |       |     2 |       |       |       ||     2
       Held in net/web   |       |       |       |     1 |       |       ||     1
  Eat: Chunk             |       |    11 |    23 |    19 |    25 |    17 ||    95
       Meat ration       |       |       |       |     3 |     3 |     1 ||     7
       Bread ration      |       |       |       |     1 |     6 |     7 ||    14
       Beef jerky        |       |       |       |       |     5 |       ||     5
